 Dungeon Crawl Stone Soup version 0.32-a0-908-g8e5f33bbaa (webtiles) character file.

Game seed: 11332858328003620894

1809982 icebreaker629 the Slayer (level 25, 255/255 HPs)
             Began as a Minotaur Berserker on Apr 6, 2024.
             Was an Elder of Trog.
             Escaped with the Orb
             ... and 3 runes!
             The game lasted 04:24:38 (57952 turns).

icebreaker629 the Slayer (Minotaur Berserker)      Turns: 57952, Time: 04:24:38

Health: 255/255    AC: 45    Str: 33    XL:     25   Next: 88%
Magic:  7/7        EV: 16    Int:  4    God:    Trog [****..]
Gold:   4917       SH:  5    Dex: 11    Spells: 24/24 levels left

rFire   + + .        b - +5 executioner's axe (antimagic)
rCold   + + +        (shield currently unavailable)
rNeg    + . .        S - +10 plate armour {rF+}
rPois   .            (helmet restricted)
rElec   +            l - +2 cloak "Nyufabra" {Regen+ rCorr Dex+2}
rCorr   +            y - +2 pair of gloves {Dex+3}
SInv    .            X - +2 pair of boots {rampage}
Will    +....        U - amulet "Xecvuvif" {Reflect rC++ SH+5} Stlth
                     T - ring "Pafemeah" {rF+ rN+ Str+2 Dex-5}
HPRegen 2.22/turn    V - ring "Ulety" {Fly rElec rC+}
MPRegen 0.10/turn

%: reflection, clarity, rampage
@: flying, studying Fighting
A: horns 2, retaliatory headbutt, clarity, clumsy 1, regeneration 1, screaming
1, shaggy fur 1
0: Orb of Zot
}: 3/15 runes: decaying, silver, gossamer
a: Renounce Religion, Berserk, Trog's Hand, Brothers in Arms


You escaped.
You worshipped Trog.
Trog was greatly pleased with you.
You visited 12 branches of the dungeon, and saw 51 of its levels.
You visited the Abyss 1 time.
You also visited: Bailey, Gauntlet, Ice Cave, Volcano and Desolation.

You collected 8284 gold pieces.
You spent 3367 gold pieces at shops.

Inventory:

Hand Weapons
 a - a +9 executioner's axe of protection
 b - a +5 antimagic executioner's axe (weapon)
Missiles
 m - 19 javelins (quivered)
 M - 19 silver javelins
Armour
 h - a +2 pair of boots of stealth
 l - the +2 cloak "Nyufabra" (worn) {Regen+ rCorr Dex+2}
   (You acquired it on level 4 of the Dungeon)

   Dex+2:     It affects your dexterity (+2).
   Regen+:    It increases your rate of health regeneration.
   rCorr:     It protects you from acid and corrosion.
 o - a +2 hat
 y - a +2 pair of gloves of dexterity (worn)
 F - a +2 pair of gloves of hurling
 S - a +10 plate armour of fire resistance (worn)
 X - a +2 pair of boots of rampaging (worn)
Jewellery
 e - a ring of protection from fire
 g - a +6 ring of dexterity
 i - a ring of protection from fire
 v - an amulet of regeneration
 G - a ring of resist corrosion
 I - the ring "Dis Mudi" {rPois rF+ SInv}
   (You bought it in a shop on level 2 of the Orcish Mines)

   [ring of see invisible]

   rF+:       It protects you from fire.
   rPois:     It protects you from poison.
   SInv:      It lets you see invisible.
 K - the ring of Faero {rF+ Int+3}
   (You took it off a minotaur in a Gauntlet)

   [ring of protection from fire]

   Int+3:     It affects your intelligence (+3).
   rF+:       It protects you from fire.
 N - a ring of poison resistance
 O - a ring of willpower
 T - the ring "Pafemeah" (left hand) {rF+ rN+ Str+2 Dex-5}
   (You found it on level 2 of the Orcish Mines)

   [ring of positive energy]

   Str+2:     It affects your strength (+2).
   Dex-5:     It affects your dexterity (-5).
   rF+:       It protects you from fire.
   rN+:       It protects you from negative energy.
 U - the amulet "Xecvuvif" (around neck) {Reflect rC++ SH+5}
   (You found it in the Desolation of Salt)

   [amulet of reflection]

   Reflect:   It reflects blocked missile attacks.
   rC++:      It greatly protects you from cold.
   SH+5:      It affects your SH (+5).
 V - the ring "Ulety" (right hand) {Fly rElec rC+}
   (You bought it in a shop on level 3 of the Dungeon)

   [ring of flight]

   rC+:       It protects you from cold.
   rElec:     It insulates you from electricity.
   Fly:       It grants you flight.
 Y - a ring of protection from cold
Wands
 p - a wand of roots (19)
 s - a wand of flame (149)
 t - a wand of light (24)
 x - a wand of paralysis (27)
 B - a wand of mindburst (64)
 C - a wand of digging (28)
 L - a wand of polymorph (26)
Scrolls
 f - 7 scrolls of blinking
 q - 17 scrolls of teleportation
 w - 6 scrolls of fog
 E - 3 scrolls of fear
 J - 2 scrolls of silence
 P - 2 scrolls of revelation
 Q - 2 scrolls of immolation
Potions
 c - 22 potions of curing
 d - 3 potions of resistance
 j - 8 potions of heal wounds
 k - 7 potions of might
 n - 2 potions of mutation
 r - 6 potions of attraction
 z - 3 potions of enlightenment
 A - 7 potions of lignification
 D - 9 potions of ambrosia
 H - 4 potions of cancellation
 R - 7 potions of haste
 W - a potion of magic
 Z - 2 potions of invisibility


   Skills:
 + Level 26.8 Fighting
 - Level 23.8(24.0) Axes
 - Level 3.6(16.2) Maces & Flails
 - Level 16.0 Throwing
 + Level 25.8 Armour
 + Level 23.2 Dodging
 + Level 16.0 Evocations


You had 24 spell levels left.
You didn't know any spells.
Your spell library was empty.

Dungeon Overview and Level Annotations

Branches:
Dungeon (15/15)            Temple (0/1) D:7            Lair (5/5) D:10
  Swamp (4/4) Lair:2       Spider (4/4) Lair:3        Slime (1/5) Lair:5
    Orc (2/2) D:10            Elf (3/3) Orc:2        Vaults (5/5) D:13
  Crypt (2/3) Vaults:2     Depths (4/4) D:15           Hell (visited)
    Zot (5/5) Depths:4     Bailey (visited)           IceCv (visited)
Volcano (visited)         Desolation (visited)      Gauntlet (visited)
    Dis: Hell:1         Geh: Hell:1         Coc: Hell:1         Tar: Hell:1

Altars:
Ashenzari
Cheibriados
Elyvilon
Fedhas
Hepliaklqana
Kikubaaqudgha
Makhleb
Nemelex Xobeh
Qazlal
Sif Muna
Trog
Uskayaw
Vehumet
Xom
Yredelemnul
The Shining One
Beogh

Shops:
D:3 =   D:7 (   D:8 ?!:(!   Orc:2 [=[(*   Vaults:4 !   Vaults:5 *

Portals:
Hell: Depths:1 Depths:2 Depths:3 Depths:4
Abyss: Depths:1 Depths:2 Depths:3 Depths:4
Pandemonium: Depths:2
Ziggurat: Depths:3

Annotations:
D:3 2 runed translucent doors, P0WERM0DE's ghost, amateur CoCK
D:4 2 runed translucent doors, whodunnit's ghost, novice CoHu
Lair:5 exclusion: oklob plant
Spider:2 2 runed translucent doors, Unoacol's ghost, adept OnFi
Elf:2 1 runed translucent door
Depths:2 3 runed translucent doors, Misic's ghost, adept GnAE
Hell Geryon
Zot:4 2 transporters, exclusion: obsidian statue
Zot:5 2 transporters, Visuc's ghost, master GrBe


Innate Abilities, Weirdness & Mutations

You have a pair of horns on your head.
You reflexively headbutt those who attack you in melee.
You possess an exceptional clarity of mind.
You are clumsy. (Dex -2)
Your natural rate of healing is unusually fast.
You occasionally shout uncontrollably at your foes.
You are covered in fur. (AC +1)


Message History

The Orb Guardian barely misses you.
You carve the Orb Guardian like a ham!!!
You kill the Orb Guardian!
Trog accepts your kill.
Your Evocations skill increases to level 16!
You feel the effects of Trog's Hand fading.
There is a stone staircase leading up here.
You fly upwards.
There is a stone staircase leading down here.
What level of the Dungeon? (default 1, ? - help)
Your skin stops crawling.
You feel less strong-willed.
There is a stone staircase leading up here.
You fly upwards.
There is a stone staircase leading down here.
You see here a rat skeleton.
There is an open door here.
You see here a bat skeleton.
There is an open door here.
An orange demon comes into view.
The orange demon stings you but does no damage.
The orange demon stings you but does no damage.
The orange demon misses you.
You closely miss the orange demon. Your headbutt misses the orange demon.
You completely miss the orange demon. Your headbutt misses the orange demon.
The orange demon stings you but does no damage.
The orange demon hits you but does no damage.
You slash the orange demon! Your headbutt misses the orange demon.
The orange demon is moderately wounded.
The orange demon stings you but does no damage.
You block the orange demon's attack.
Unknown command.
You carve the orange demon like a ham!!!
You kill the orange demon!
Trog accepts your kill.
There is an open door here.
You reach down and close the door.
There is an open door here.
You reach down and close the door.
There is a staircase leading out of the dungeon here.
You have escaped!

#.# ########### #.
##.#####.........#### #.
#..##...####+####...## ####
##.##.#### #...# ####.## #...
#..#.## #...# ##.# #...
#.##.#### ###+########.## #...
#.#.##≈.###.....##..~##.###.##
#.#.#≈~..#.......#..≈≈#.#...#
#...#≈~..'...@...'..≈≈#...###
###.#≈≈..#.......#..~≈#.###
#.##~.###.....##..~##.#
##.#### ###'########.## #.##
#...# ##.# ##.#### #...#
####.## ##...####'####...##
####.........#### ###########


There were no monsters in sight!

Vanquished Creatures
  2 dread liches
  2 ancient liches
  4 orbs of fire
  3 Killer Klowns
  Sojobo (Depths:1)
  Josephina (Zot:3)
  Saint Roka (Depths:2)
  5 curse toes
  4 golden dragons
  the Enchantress (Depths:2)
  Nikola (Swamp:2)
  Norris (Depths:3)
  2 electric golems
  Arachne (Spider:3)
  A Tzitzimitl (D:3)
  A walking crystal tome (Depths:4)
  23 Orb Guardians
  19 tentacled monstrosities
  2 titans
  3 deep elf blademasters
  5 sphinxes
  2 deep elf master archers (Elf:3)
  A walking frostbound tome (Depths:3)
  8 quicksilver dragons
  10 death cobs
  A thorn hunter (Swamp:4)
  10 tengu reavers
  10 shadow dragons
  Donald (Spider:3)
  3 fire giants
  12 storm dragons
  3 protean progenitors
  2 draconian knights
  5 draconian monks
  6 deep elf sorcerers (Elf:3)
  3 imperial myrmidons (Desolation)
  14 frost giants
  2 iron dragons
  3 draconian scorchers
  4 spectral caustic shrikes (Depths:4)
  10 ghost moths
  A draconian shifter (Zot:5)
  14 vault wardens
  An emperor scorpion (Spider:4)
  2 deep elf elementalists (Elf:3)
  10 stone giants
  2 reapers (IceCv)
  2 orc warlords (Orc:1)
  2 formless jellyfish
  2 draconian stormcallers (Zot:2)
  11 very ugly things
  9 broodmothers
  5 spriggan defenders
  19 ironbound preservers
  9 ironbound thunderhulks
  7 draconian annihilators
  8 green draconians
  4 vampire knights
  An eleionoma (Swamp:1)
  A putrid mouth (Depths:3)
  6 deep elf death magi
  9 black draconians
  2 minotaurs
  7 red draconians
  6 dire elephants
  8 white draconians
  2 deep elf annihilators (Elf:3)
  6 war gargoyles
  8 deep elf demonologists
  6 purple draconians
  5 spark wasps
  A halazid warlock (Desolation)
  9 yellow draconians
  2 bunyips
  13 ettins
  4 fire dragons
  An eidolon (Crypt:1)
  8 entropy weavers
  7 ragged hierophants (Desolation)
  A shambling mangrove (Swamp:4)
  4 crystal guardians
  2 blizzard demons (Depths:3)
  4 deep elf high priests
  21 yaktaur captains
  A quicksilver dragon skeleton (Crypt:1)
  40 vault guards
  7 servants of whispers (Desolation)
  10 ice dragons
  5 caustic shrike simulacra (IceCv)
  4 great orbs of eyes
  3 catoblepae
  5 spriggan air magi
  6 peacekeepers
  A ghost crab (Swamp:1)
  7 rakshasas
  4 ogre magi
  2 radroaches (Spider:4)
  13 centaur warriors
  21 hydras
  10 boulder beetles
  14 ironbound frosthearts
  A juggernaut simulacrum (Depths:3)
  Erica (D:8)
  31 dancing weapons
  6 tengu warriors
  9 two-headed ogres
  9 alligators
  2 orc high priests (Orc:2)
  22 death yaks
  3 death scarabs
  5 deep troll shamans
  3 deep troll earth magi
  3 hell hogs (Depths:3)
  10 demonic crawlers
  2 spriggan berserkers (Depths:4)
  A vampire mage (Vaults:2)
  Urug (D:13)
  4 occultists
  A soul eater (Depths:2)
  2 sun demons (Depths:3)
  A spectral death yak (Gauntlet)
  15 deep elf knights
  Nergalle (Orc:2)
  4 iron trolls
  A quicksilver dragon simulacrum (Zot:3)
  4 skeletal warriors (D:14)
  3 skysharks (Depths:3)
  9 hell knights
  53 deep trolls
  2 goliath frogs (Swamp:3)
  9 pharaoh ants
  2 mana vipers (shapeshifter)
  14 deep elf archers
  12 arcanists
  A death drake (Swamp:4)
  4 thermic dynamos
  5 large abominations (Elf:1)
  A spriggan druid (Swamp:4)
  13 orb spiders
  2 glowing orange brains
  5 steelbarb worms
  10 swamp dragons
  2 sun moths (Spider:3)
  5 bog bodies
  32 ironbound convokers
  7 phantasmal warriors
  An anaconda skeleton (Crypt:1)
  8 lindwurms
  A spriggan simulacrum (IceCv)
  A harpy (Vaults:2)
  28 deep elf zephyrmancers
  Pikel (D:5)
  6 orc knights
  7 necromancers
  2 obsidian statues (IceCv)
  4 orc sorcerers
  A shadow dragon skeleton (Crypt:1)
  33 ugly things
  A shining eye (shapeshifter) (Depths:2)
  3 will-o-the-wisps
  6 cyclopes
  32 deep elf pyromancers
  A moth of wrath (shapeshifter) (Vaults:5)
  An oklob plant (D:10)
  19 wolf spiders
  5 meliai
  4 salamanders (Volcano)
  Maurice (D:7)
  12 elephants (Lair:5)
  23 moths of wrath
  A guardian serpent (Desolation)
  2 centaur zombies
  4 manticores
  An iron dragon skeleton (Crypt:1)
  3 kobold blastminers
  4 rust devils (Depths:3)
  7 black mambas
  An orange demon (D:1)
  6 torpor snails
  21 cane toads
  4 centaur skeletons (D:15)
  19 vault sentinels
  3 stone giant skeletons
  5 molten gargoyles (Volcano)
  8 rime drakes
  An unseen horror (D:12)
  7 gargoyles
  Maggie (D:6)
  10 komodo dragons
  An anaconda simulacrum (IceCv)
  A spark wasp simulacrum (Depths:3)
  28 yaktaurs
  2 efreet
  2 golden dragon simulacra (IceCv)
  8 freezing wraiths
  4 ice devils
  6 tengu conjurers
  12 trolls
  A queen bee (shapeshifter) (Elf:1)
  A bloated husk (Swamp:1)
  A polar bear (Lair:2)
  9 tyrant leeches
  A human skeleton (Vaults:4)
  A glass eye (shapeshifter) (Vaults:4)
  30 jumping spiders
  29 tarantellas
  4 raiju (Abyss:2)
  Grinder (D:6)
  46 saltlings (Desolation)
  27 blink frogs
  A glass eye (Depths:4)
  16 hornets
  A moth of wrath zombie (Crypt:1)
  An alligator simulacrum (IceCv)
  46 slime creatures
  A spectral lindwurm (Gauntlet)
  2 draconian simulacra (Zot:3)
  3 centaur simulacra (Gauntlet)
  2 air elementals (Elf:1)
  7 water elementals
  14 spriggans
  31 culicivoras
  A small abomination (Abyss:2)
  3 wraiths
  3 vampires
  4 shadows
  A yak (shapeshifter) (D:13)
  6 wyverns
  5 basilisks
  28 yaks
  Eustachio (D:6)
  A neqoxec (Gauntlet)
  A spectral komodo dragon (Gauntlet)
  An elf skeleton (Vaults:1)
  A yellow draconian simulacrum (Zot:3)
  51 redbacks
  3 chaos spawn (Gauntlet)
  A red draconian simulacrum (Zot:3)
  Grum (D:8)
  5 wargs
  7 steam dragons
  A yaktaur simulacrum (Vaults:1)
  A redback simulacrum (D:14)
  16 swamp worms
  15 vampire mosquitoes
  Menkaure (D:6)
  A spectral cane toad (Gauntlet)
  4 acid dragons
  A glowing shapeshifter zombie (Vaults:4)
  A hell hound (Depths:3)
  15 water moccasins
  41 orc warriors
  12 swamp drakes
  A meliai simulacrum (Gauntlet)
  2 ice beasts (D:7)
  7 laughing skulls
  5 boggarts (Vaults:4)
  A black bear (D:6)
  4 ettin simulacra
  3 wolves
  15 ogres
  10 centaurs
  A lemure (D:5)
  2 phantoms
  7 bullfrogs
  5 kobold brigands
  Blork the orc (Orc:2)
  6 elf zombies (Elf:1)
  A glowing shapeshifter simulacrum (Depths:3)
  2 gnoll sergeants
  A deep troll simulacrum (IceCv)
  3 scorpions
  A cane toad simulacrum (Gauntlet)
  10 wights
  23 killer bees
  A human simulacrum (Vaults:4)
  7 electric eels
  2 bombardier beetles (D:5)
  6 lava snakes
  5 hounds
  22 orc priests
  A sleepcap (D:6)
  A scrub nettle (Lair:2)
  Jessica (D:2)
  3 iguanas
  26 orc wizards
  4 hell rats (Lair:4)
  Natasha (D:3)
  9 adders
  15 gnolls
  A white imp (D:7)
  4 ufetubi
  A ribbon worm (D:2)
  A dart slug (D:2)
  84 orcs
  6 endoplasms
  2 giant cockroaches (D:2)
  15 goblins
  9 hobgoblins
  3 jackals
  21 kobolds
  2 quokkas
  10 ball pythons
  4 bats
  2 frilled lizards (D:1)
  7 rats
  A spectral orc (D:3)
  2 aspiring fleshes (Zot:4)
2203 creatures vanquished.

Vanquished Creatures (collateral kills)
  Bai Suzhen (Spider:3)
  A vault warden (Vaults:2)
  An orc warlord (Orc:2)
  2 servants of whispers (Desolation)
  A peacekeeper (Desolation)
  2 ironbound convokers (Desolation)
  An orc sorcerer (Orc:2)
  3 orc knights
  A vault sentinel (Vaults:2)
  11 saltlings (Desolation)
  6 orc warriors
  A kobold brigand (Bailey)
  2 orc priests (Orc:2)
  2 orc wizards (Orc:2)
  2 orcs (Orc:2)
37 creatures vanquished.

Vanquished Creatures (others)
  A shadow dragon (Vaults:5)
  A draconian knight (Zot:1)
  A death yak (Lair:1)
  A deep elf archer (Elf:2)
  A harpy (Vaults:3)
  A torpor snail (Spider:4)
  2 bloated husks
  3 water elementals (Depths:3)
  A hell hound (Hell)
  An electric eel (Lair:1)
  A lava snake (Lair:1)
  6 foxfires
20 creatures vanquished.

Grand Total: 2260 creatures vanquished

Notes
Turn   | Place    | Note
-------+----------+-------------------------------------------
     0 | D:1      | icebreaker629 the Minotaur Berserker began the quest for
                  | the Orb.
     0 | D:1      | Reached XP level 1. HP: 19/19 MP: 0/0
   292 | D:1      | Reached skill level 1 in Axes
   295 | D:1      | Reached XP level 2. HP: 17/27 MP: 1/1
   562 | D:1      | Reached skill level 4 in Fighting
   645 | D:1      | Reached XP level 3. HP: 33/33 MP: 2/2
   872 | D:2      | Noticed Jessica
   876 | D:2      | Killed Jessica
  1023 | D:2      | Reached ** piety under Trog
  1056 | D:2      | Reached XP level 4. HP: 40/40 MP: 3/3
  1703 | D:2      | Reached XP level 5. HP: 46/47 MP: 4/4
  1976 | D:3      | Found a hide-covered altar of Uskayaw.
  1991 | D:3      | Found Dahu Pust's Jewellery Shoppe.
  1991 | D:3      | Noticed Natasha
  2003 | D:3      | Killed Natasha
  2017 | D:3      | Found a hazy altar of Hepliaklqana.
  2076 | D:3      | Found a large runed translucent door.
  2077 | D:3      | Found a large runed translucent door.
  2079 | D:3      | Noticed P0WERM0DE's ghost (amateur CoCK)
  2413 | D:4      | Reached XP level 6. HP: 55/55 MP: 5/5
  2472 | D:4      | Reached skill level 5 in Fighting
  2501 | D:4      | Found a runed translucent door.
  2505 | D:4      | Noticed whodunnit's ghost (novice CoHu)
  2544 | D:4      | Identified a scroll of acquirement
  2544 | D:4      | Acquired the +2 cloak "Nyufabra" {Regen+ rCorr Dex+2}
  2579 | D:4      | Reached *** piety under Trog
  2715 | D:3      | Reached skill level 5 in Axes
  2838 | D:4      | Found a runed translucent door.
  2869 | D:5      | Entered Level 5 of the Dungeon
  2886 | D:5      | Reached XP level 7. HP: 61/61 MP: 6/6
  2892 | D:5      | Found a glowing golden altar of the Shining One.
  3162 | D:5      | Found a snail-covered altar of Cheibriados.
  3324 | D:5      | Found a white marble altar of Elyvilon.
  3324 | D:5      | Found a blossoming altar of Fedhas.
  3324 | D:5      | Found a stormy altar of Qazlal.
  3436 | D:6      | Noticed Pikel
  3449 | D:5      | Killed Pikel
  3450 | D:5      | Reached skill level 6 in Fighting
  3450 | D:5      | Reached skill level 5 in Armour
  3450 | D:5      | Reached skill level 5 in Dodging
  3450 | D:5      | Reached XP level 8. HP: 66/70 MP: 7/7
  3573 | D:6      | Noticed Menkaure
  3581 | D:6      | Killed Menkaure
  3628 | D:6      | Reached skill level 7 in Fighting
  3639 | D:6      | Noticed Maggie
  3653 | D:6      | Killed Maggie
  3654 | D:6      | Reached XP level 9. HP: 68/79 MP: 8/8
  3700 | D:6      | Noticed a two-headed ogre
  3705 | D:6      | Killed a two-headed ogre
  3874 | D:6      | Noticed Eustachio
  3882 | D:6      | Noticed Grinder
  3896 | D:6      | Killed Eustachio
  3927 | D:6      | Killed Grinder
  3928 | D:6      | Reached skill level 8 in Fighting
  3928 | D:6      | Reached skill level 10 in Axes
  4107 | D:7      | Found Wodelaatz's Weapon Shop.
  4203 | D:7      | Reached **** piety under Trog
  4502 | D:7      | Found a shimmering altar of Xom.
  4578 | D:7      | Found an ancient bone altar of Kikubaaqudgha.
  4796 | D:7      | Reached XP level 10. HP: 90/90 MP: 9/9
  4879 | D:7      | Noticed Maurice
  4886 | D:7      | Killed Maurice
  4902 | D:7      | Found a staircase to the Ecumenical Temple.
  5337 | D:8      | Noticed Erica
  5351 | D:8      | Killed Erica
  5352 | D:8      | Reached skill level 9 in Fighting
  5401 | D:8      | Found Piwirphie's Distillery.
  5524 | D:8      | Found Cothit's Antique Weapon Shoppe.
  5566 | D:8      | Found Xanekodd's Book Boutique.
  5621 | D:8      | Found a sparkling altar of Nemelex Xobeh.
  5648 | D:8      | Found Nanoer's Magic Scroll Shop.
  5665 | D:8      | Found Zotaj's Distillery.
  5746 | D:8      | Noticed Grum
  5751 | D:8      | Killed Grum
  5773 | D:8      | Found a burning altar of Makhleb.
  6512 | D:9      | Found a shimmering blue altar of Sif Muna.
  6560 | D:9      | Reached ***** piety under Trog
  6757 | D:9      | Found a radiant altar of Vehumet.
  6889 | D:10     | Entered Level 10 of the Dungeon
  6890 | D:10     | Noticed a two-headed ogre
  6902 | D:10     | Killed a two-headed ogre
  6951 | D:9      | Reached XP level 11. HP: 77/99 MP: 10/10
  6976 | D:10     | Reached skill level 10 in Fighting
  6992 | D:10     | Found a flagged portal.
  7000 | Bailey   | Entered a bailey
  7101 | Bailey   | Noticed an orc knight
  7112 | Bailey   | Killed an orc knight
  7124 | Bailey   | Found a burning altar of Makhleb.
  7207 | D:8      | Bought a scroll of acquirement for 624 gold pieces
  7207 | D:8      | Acquired a +2 executioner's axe of electrocution
  7306 | D:10     | Noticed a two-headed ogre
  7311 | D:10     | Killed a two-headed ogre
  7312 | D:10     | Reached skill level 10 in Armour
  7485 | D:10     | Found a staircase to the Orcish Mines.
  7678 | D:10     | Found a basalt altar of Yredelemnul.
  7721 | D:10     | Found a staircase to the Lair.
  7722 | D:10     | Noticed an oklob plant
  7761 | D:10     | Killed an oklob plant
  8415 | D:11     | Reached skill level 11 in Fighting
  8926 | D:12     | Noticed a deep elf pyromancer
  8929 | D:12     | Killed a deep elf pyromancer
  8930 | D:12     | Noticed a two-headed ogre
  8933 | D:12     | Noticed a deep elf pyromancer
  8938 | D:12     | Killed a two-headed ogre
  8939 | D:12     | Reached skill level 10 in Dodging
  8939 | D:12     | Reached XP level 12. HP: 105/110 MP: 11/11
  9140 | D:12     | Received a gift from Trog
  9210 | D:12     | Noticed a seven-headed hydra
  9217 | D:12     | Killed a seven-headed hydra
  9218 | D:12     | Reached skill level 15 in Axes
  9348 | D:12     | Found a sparkling altar of Nemelex Xobeh.
  9609 | D:12     | Found a roughly hewn altar of Beogh.
  9721 | Lair:1   | Entered Level 1 of the Lair of Beasts
  9756 | Lair:1   | Noticed a death yak
  9758 | Lair:1   | Noticed a death yak
  9758 | Lair:1   | Noticed a death yak
  9762 | Lair:1   | Noticed a death yak
  9764 | Lair:1   | Noticed a death yak
  9768 | Lair:1   | Killed a death yak
  9771 | Lair:1   | Killed a death yak
  9777 | Lair:1   | Killed a death yak
  9778 | Lair:1   | Reached skill level 12 in Fighting
  9788 | Lair:1   | Killed a death yak
  9792 | Lair:1   | Killed a death yak
 10906 | Lair:2   | Reached XP level 13. HP: 113/119 MP: 12/12
 11606 | Lair:2   | Found a staircase to the Swamp.
 11840 | Lair:2   | Reached skill level 13 in Fighting
 11870 | Lair:3   | Received a gift from Trog
 11916 | Lair:3   | Found a runed translucent door.
 12093 | Lair:3   | Noticed a minotaur
 12102 | Lair:3   | Killed a minotaur
 12612 | Lair:3   | Found a hole to the Spider Nest.
 13797 | Lair:4   | Reached XP level 14. HP: 130/130 MP: 13/13
 13823 | Lair:4   | Received a gift from Trog
 14171 | Lair:5   | Entered Level 5 of the Lair of Beasts
 14202 | Lair:5   | Found a staircase to the Slime Pits.
 14294 | Lair:5   | Reached skill level 14 in Fighting
 14313 | Lair:5   | Found a gate leading to a gauntlet.
 14350 | Gauntlet | Entered a Gauntlet
 14350 | Gauntlet | Found a transporter.
 14408 | Gauntlet | Found a transporter.
 14423 | Gauntlet | Found a transporter.
 14433 | Gauntlet | Found a transporter.
 14452 | Gauntlet | Found a transporter.
 14467 | Gauntlet | Found a transporter.
 14468 | Gauntlet | Found the dreamshard necklace {Acrobat *Dream}
 14479 | Gauntlet | Found a transporter.
 14491 | Gauntlet | Found a transporter.
 14503 | Gauntlet | Found a transporter.
 14515 | Gauntlet | Found a transporter.
 14542 | Gauntlet | Found a transporter.
 14564 | Gauntlet | Found a transporter.
 14598 | Gauntlet | Found a transporter.
 14632 | Gauntlet | Found a transporter.
 14651 | Gauntlet | Found a transporter.
 14679 | Gauntlet | Found a transporter.
 14679 | Gauntlet | Found a transporter.
 14728 | Gauntlet | Found a transporter.
 15041 | Gauntlet | Identified the ring of Faero {rF+ Int+3}
 15058 | Gauntlet | Identified the death talisman of Orthodoxy {rC+ Stlth+}
 15092 | Lair:5   | Found a blossoming altar of Fedhas.
 15272 | Lair:5   | Identified the +0 robe of the Gastropod {Rampage}
 15304 | Lair:5   | Received a gift from Trog
 15438 | Lair:5   | Identified the +2 sling of Cetoe {flame, rPois Str-2 Int+4
                  | Stlth+}
 15654 | Lair:5   | Reached XP level 15. HP: 20/139 MP: 14/14
 15835 | Slime:1  | Entered Level 1 of the Pits of Slime
 15835 | Slime:1  | Noticed an azure jelly
 16033 | Lair:5   | Reached skill level 15 in Fighting
 16663 | D:13     | Noticed Urug
 16669 | D:13     | Killed Urug
 17631 | D:13     | Reached skill level 15 in Armour
 17642 | D:13     | Found a gate to the Vaults.
 18292 | D:14     | Received a gift from Trog
 18731 | D:15     | Entered Level 15 of the Dungeon
 18982 | D:15     | Found a staircase to the Depths.
 19043 | Depths:1 | Entered Level 1 of the Depths
 19310 | D:15     | Reached ****** piety under Trog
 19744 | Orc:1    | Entered Level 1 of the Orcish Mines
 19789 | Orc:1    | Found a dark tunnel.
 19852 | Volcano  | Entered a volcano
 19889 | Volcano  | Reached skill level 16 in Fighting
 19938 | Volcano  | Reached XP level 16. HP: 129/151 MP: 15/15
 19951 | Volcano  | Noticed an orb of fire
 19986 | Volcano  | Noticed an orb of fire
 20212 | Orc:1    | Received a gift from Trog
 20545 | Orc:1    | Found a bloodstained altar of Trog.
 20639 | Orc:2    | Entered Level 2 of the Orcish Mines
 20658 | Orc:2    | Found a staircase to the Elven Halls.
 20689 | Elf:1    | Entered Level 1 of the Elven Halls
 21022 | Orc:2    | Found Katior's Armour Boutique.
 21079 | Orc:2    | Noticed Nergalle
 21089 | Orc:2    | Killed Nergalle
 21107 | Orc:2    | Found a roughly hewn altar of Beogh.
 21110 | Orc:2    | Noticed Blork the orc
 21115 | Orc:2    | Found Axoidd's Antique Armour Shop.
 21118 | Orc:2    | Killed Blork the orc
 21194 | Orc:2    | Found Sunaza Othu's General Store.
 21219 | Orc:2    | Found Woeng's Antique Weapon Shop.
 21234 | Orc:2    | Found Fifut's Jewellery Shop.
 21242 | Orc:2    | Bought the ring "Dis Mudi" {rPois rF+ SInv} for 464 gold
                  | pieces
 21396 | Orc:2    | Received a gift from Trog
 21520 | Orc:2    | Reached skill level 15 in Dodging
 21662 | Orc:2    | Identified the ring "Pafemeah" {rF+ rN+ Str+2 Dex-5}
 21719 | Orc:2    | Identified the staff of Gallantry {Str+3 Earth}
 21720 | Orc:2    | Identified the +1 rapier of Gozag's Anger {holy, Fly rN+
                  | Str+4 Dex-5}
 22264 | Swamp:1  | Entered Level 1 of the Swamp
 22351 | Swamp:1  | Reached skill level 1 in Throwing
 22719 | D:3      | Bought the ring "Ulety" {Fly rElec rC+} for 423 gold pieces
 24026 | Swamp:2  | Noticed a tentacled monstrosity
 24035 | Swamp:1  | Killed a tentacled monstrosity
 24357 | Swamp:2  | Noticed Nikola
 24372 | Swamp:2  | Killed Nikola
 24501 | Swamp:3  | Found a snail-covered altar of Cheibriados.
 24661 | Swamp:3  | Reached skill level 17 in Fighting
 24851 | Swamp:4  | Entered Level 4 of the Swamp
 25049 | Swamp:4  | Reached XP level 17. HP: 128/161 MP: 16/16
 25213 | Swamp:4  | Received a gift from Trog
 25302 | Swamp:4  | Got a decaying rune of Zot
 25701 | Spider:1 | Entered Level 1 of the Spider Nest
 25752 | Spider:1 | Reached skill level 5 in Throwing
 25793 | Spider:1 | Found a glacial archway.
 25797 | IceCv    | Entered an ice cave
 26818 | Spider:2 | Received a gift from Trog
 26894 | Spider:2 | Found a large runed translucent door.
 26894 | Spider:2 | Found a large runed translucent door.
 26895 | Spider:2 | Noticed Unoacol's ghost (adept OnFi)
 27216 | Spider:2 | Reached skill level 18 in Fighting
 27216 | Spider:2 | Reached skill level 1 in Evocations
 27919 | Spider:3 | Noticed Bai Suzhen
 27975 | Spider:3 | Killed Bai Suzhen
 28012 | Spider:3 | Reached XP level 18. HP: 172/172 MP: 1/17
 28421 | Spider:3 | Noticed Donald
 28448 | Spider:3 | Killed Donald
 28448 | Spider:3 | Received a gift from Trog
 28695 | Spider:3 | Noticed Arachne
 28710 | Spider:3 | Killed Arachne
 29076 | Spider:4 | Entered Level 4 of the Spider Nest
 29665 | Spider:4 | Received a gift from Trog
 29888 | Spider:4 | Got a gossamer rune of Zot
 29891 | Spider:4 | Identified the orb "Itroat" {mayhem, Int+2 Hexes}
 30143 | Spider:4 | Reached skill level 5 in Evocations
 30234 | Spider:4 | Reached skill level 19 in Fighting
 30737 | Vaults:1 | Entered Level 1 of the Vaults
 30804 | Vaults:1 | Received a gift from Trog
 31079 | Vaults:1 | Reached XP level 19. HP: 182/182 MP: 18/18
 31149 | Vaults:1 | Found a crumbling gateway.
 31162 | Desolati | Entered the Desolation of Salt
 31197 | Desolati | Received a gift from Trog
 31336 | Desolati | Identified the amulet "Xecvuvif" {Reflect rC++ SH+5}
 31741 | Desolati | Found the +1 eveningstar "Brilliance" {foul flame, Umbra}
 31747 | Desolati | Identified the +0 pair of boots of the Little Devil {Str+4
                  | Int+4}
 31852 | Desolati | Identified the +0 leather armour "Zaelar" {rPois Regen+
                  | Stlth-}
 32313 | Vaults:1 | Reached skill level 10 in Throwing
 32321 | Vaults:1 | Identified the +10 battleaxe of the Old World {heavy, Fly
                  | rF+} (Trog gifted it to you on level 1 of the Vaults)
 32321 | Vaults:1 | Received a gift from Trog
 32894 | Vaults:1 | Reached skill level 20 in Fighting
 32961 | Vaults:2 | Identified the staff of Niagrudgh {Fly Will+ Conj Fire}
 33040 | Vaults:1 | Received a gift from Trog
 33041 | Vaults:1 | Reached XP level 20. HP: 145/193 MP: 19/19
 33956 | Vaults:2 | Identified the +3 battleaxe of Ylepir {heavy, rF+ SInv}
                  | (Trog gifted it to you on level 2 of the Vaults)
 33956 | Vaults:2 | Received a gift from Trog
 34531 | Vaults:2 | Found a staircase to the Crypt.
 34540 | Crypt:1  | Entered Level 1 of the Crypt
 35523 | Vaults:4 | Received a gift from Trog
 36084 | Vaults:3 | Noticed an ancient lich
 36098 | Vaults:3 | Killed an ancient lich
 36109 | Vaults:3 | Identified the orb of Iterch {*Rage, +Inv Str+3}
 36173 | Vaults:3 | Reached skill level 21 in Fighting
 36752 | Vaults:3 | Identified the +1 robe of Imen {Harm Fly rElec Dex+6}
 36776 | Vaults:4 | Received a gift from Trog
 36777 | Vaults:4 | Reached XP level 21. HP: 204/204 MP: 20/20
 36990 | Vaults:4 | Paralysed by a formless jellyfish for 1 turns
 37224 | Vaults:4 | Acquired a +2 pair of boots of rampaging
 37300 | Vaults:4 | Found Kismot's Distillery.
 38170 | Vaults:4 | Bought a potion of resistance for 190 gold pieces
 38170 | Vaults:4 | Bought a potion of invisibility for 152 gold pieces
 38170 | Vaults:4 | Bought a potion of heal wounds for 95 gold pieces
 38170 | Vaults:4 | Bought a potion of heal wounds for 95 gold pieces
 38439 | D:8      | Bought a potion of mutation for 88 gold pieces
 38439 | D:8      | Bought a potion of mutation for 88 gold pieces
 38439 | D:8      | Bought a potion of might for 44 gold pieces
 38460 | D:8      | Bought a potion of might for 56 gold pieces
 38460 | D:8      | Bought a potion of haste for 140 gold pieces
 38460 | D:8      | Bought a potion of heal wounds for 70 gold pieces
 38460 | D:8      | Bought a potion of might for 56 gold pieces
 38460 | D:8      | Bought a potion of resistance for 140 gold pieces
 38651 | Depths:1 | Found a one-way gate to the infinite horrors of the Abyss.
 38709 | Depths:1 | Reached skill level 10 in Evocations
 38888 | Depths:1 | Noticed Sojobo
 38902 | Depths:1 | Killed Sojobo
 39006 | Depths:1 | Received a gift from Trog
 39085 | Depths:1 | Found a hide-covered altar of Uskayaw.
 39133 | Depths:1 | Found a gateway to Hell.
 39137 | Hell     | Entered the Vestibule of Hell
 39137 | Hell     | Noticed Geryon
 39147 | Depths:1 | You are sucked into a shaft and drop 1 floor!
 39430 | Depths:3 | Noticed Norris
 39444 | Depths:3 | Killed Norris
 39514 | Depths:2 | Noticed a juggernaut
 39518 | Depths:2 | Found a runed translucent gate.
 39518 | Depths:2 | Noticed a golden dragon
 39519 | Depths:2 | Noticed Misic's ghost (adept GnAE)
 39530 | Depths:2 | Found a one-way gate leading to the halls of Pandemonium.
 39542 | Depths:2 | Noticed Saint Roka
 39563 | Depths:2 | Killed Saint Roka
 39796 | Depths:2 | Noticed the Enchantress
 39815 | Depths:2 | Killed the Enchantress
 40043 | Depths:2 | Found a runed translucent gate.
 40045 | Depths:2 | Found a runed translucent gate.
 40120 | Depths:4 | Entered Level 4 of the Depths
 40340 | Depths:1 | Received a gift from Trog
 40754 | Depths:2 | Noticed a golden dragon
 40763 | Depths:2 | Killed a golden dragon
 40903 | Depths:2 | Identified the +8 falchion "Biam" {antimagic, rC+ Int+4}
 41439 | Depths:3 | Reached XP level 22. HP: 204/215 MP: 21/21
 41664 | D:8      | Bought a scroll of teleportation for 36 gold pieces
 41664 | D:8      | Bought a scroll of teleportation for 36 gold pieces
 41664 | D:8      | Bought 2 scrolls of blinking for 180 gold pieces
 41664 | D:8      | Bought a scroll of enchant armour for 90 gold pieces
 41901 | Depths:3 | Reached skill level 22 in Fighting
 42764 | Depths:3 | Found a one-way gateway to a ziggurat.
 43624 | Depths:4 | Received a gift from Trog
 43872 | Depths:4 | Found a gate to the Realm of Zot.
 43904 | Depths:4 | Found a broken altar of Ashenzari.
 44670 | Vaults:5 | Entered Level 5 of the Vaults
 44901 | Vaults:5 | Noticed a golden dragon
 44918 | Vaults:4 | Reached XP level 23. HP: 217/221 MP: 22/22
 44928 | Vaults:4 | Identified the +3 short sword "Minotaur's Regret" {heavy,
                  | Dex+5} (Trog gifted it to you on level 4 of the Vaults)
 44928 | Vaults:4 | Received a gift from Trog
 44972 | Vaults:5 | Noticed a dread lich
 45001 | Vaults:5 | Identified the +1 robe "Jofuyrr" {rElec Will+}
 45013 | Vaults:4 | Reached skill level 23 in Fighting
 45042 | Vaults:4 | Killed a dread lich
 45128 | Vaults:5 | Found Jalun's General Store.
 45136 | Vaults:5 | Bought a potion of resistance for 200 gold pieces
 45136 | Vaults:5 | Bought a potion of heal wounds for 100 gold pieces
 45272 | Vaults:5 | Got a silver rune of Zot
 45308 | Vaults:5 | Reached skill level 15 in Throwing
 45541 | Vaults:5 | Identified the +2 dagger of Responsibility {freeze, rElec
                  | MP+9}
 45797 | Vaults:5 | Identified the +7 broad axe of Scorn {flame, Int+8}
 46697 | Elf:1    | Identified the +1 war axe of the Endless Expanse
                  | {antimagic, rElec rC+} (Trog gifted it to you on level 1 of
                  | the Elven Halls)
 46697 | Elf:1    | Received a gift from Trog
 47762 | Elf:2    | Received a gift from Trog
 47861 | Elf:2    | Found a runed translucent door.
 47878 | Elf:2    | Found a runed translucent door.
 48289 | Elf:2    | Reached XP level 24. HP: 237/237 MP: 7/22
 48434 | Elf:2    | Received a gift from Trog
 48507 | Elf:3    | Entered Level 3 of the Elven Halls
 49188 | Elf:3    | Identified the staff of Zuut {rElec rPois rF+ rC+++ Int-4
                  | Air}
 49243 | Elf:3    | Identified the ring of Axat {rF++ SInv}
 49246 | Elf:3    | Reached skill level 24 in Fighting
 49246 | Abyss:2  | Cast into level 2 of the Abyss (a deep elf demonologist)
 49305 | Abyss:2  | Found a corrupted altar of Lugonu.
 49316 | Elf:3    | Escaped the Abyss
 49320 | Elf:3    | Identified the +8 falchion of the Final Stars {spect,
                  | +Blink rC+ Int+5}
 49320 | Elf:3    | Identified the +8 chain mail of Conscience {*Corrode Str+2
                  | Dex+7 SInv}
 49609 | Elf:3    | Identified the +0 helmet of Vuawnocu {rElec rN+ Str+3
                  | Int-3}
 49656 | Elf:3    | Identified the +10 orcbow "Carghu" {flame, rPois Str+5
                  | Stlth+}
 49686 | Elf:3    | Identified the storm talisman of Dora {*Corrode Dex+5 SInv}
 50244 | Zot:1    | Entered Level 1 of the Realm of Zot
 50251 | Zot:1    | Noticed an orb of fire
 50254 | Zot:1    | Gained mutation: You possess an exceptional clarity of
                  | mind. [an orb of fire]
 50262 | Zot:1    | Killed an orb of fire
 50809 | Zot:2    | Noticed a Killer Klown
 50815 | Zot:2    | Killed a Killer Klown
 51114 | Zot:2    | Received a gift from Trog
 51241 | Zot:2    | Noticed an orb of fire
 51242 | Zot:2    | Gained mutation: You are dopey. (Int -2) [an orb of fire]
 51250 | Zot:2    | Gained mutation: Your spells are a little easier to cast,
                  | but a little less powerful. [an orb of fire]
 51264 | Zot:2    | Killed an orb of fire
 52517 | Zot:2    | Noticed a Killer Klown
 52542 | Zot:2    | Killed a Killer Klown
 53057 | Zot:2    | Reached XP level 25. HP: 225/245 MP: 7/22
 53393 | Zot:2    | Reached skill level 25 in Fighting
 53481 | Zot:3    | Identified the ring of Imuycwiw {Ice Will+ Int+5}
 53481 | Zot:3    | Noticed Josephina
 53502 | Zot:3    | Killed Josephina
 54312 | Zot:4    | Reached skill level 15 in Evocations
 54447 | Zot:4    | Found a transporter.
 54565 | Zot:4    | Found a transporter.
 54565 | Zot:4    | Found the +0 mask of the Dragon {Will+ Slay+3 SInv}
 54595 | Zot:4    | Lost intelligence.
 55248 | Zot:4    | Lost mutation: You are dopey. (Int -2) [potion of mutation]
 55248 | Zot:4    | Lost mutation: You possess an exceptional clarity of mind.
                  | [potion of mutation]
 55248 | Zot:4    | Gained mutation: Armour fits poorly on your strangely
                  | shaped body. [potion of mutation]
 55248 | Zot:4    | Gained mutation: You have supernaturally acute eyesight.
                  | (SInv) [potion of mutation]
 55249 | Zot:4    | Lost mutation: Armour fits poorly on your strangely shaped
                  | body. [potion of mutation]
 55249 | Zot:4    | Lost mutation: Your spells are a little easier to cast, but
                  | a little less powerful. [potion of mutation]
 55249 | Zot:4    | Gained mutation: You have sharp toenails. [potion of
                  | mutation]
 55249 | Zot:4    | Gained mutation: You expend magic power (3 MP) to
                  | strengthen your wands. [potion of mutation]
 55315 | Zot:5    | Entered Level 5 of the Realm of Zot
 55965 | Zot:5    | Found a transporter.
 55982 | Zot:5    | Identified the +2 cloak of Uskayaw's Favour {Will+ Int+3
                  | Slay+3}
 55982 | Zot:5    | Identified the +1 cloak "Cucakaomp" {Int+5}
 55983 | Zot:5    | Noticed Visuc's ghost (master GrBe)
 56001 | Zot:5    | Found a bloodstained altar of Trog.
 56010 | Zot:5    | Found a transporter.
 56583 | Zot:5    | Noticed a dread lich
 56602 | Zot:5    | Killed a dread lich
 56640 | Zot:5    | Reached skill level 26 in Fighting
 56862 | Zot:5    | Noticed an orb of fire
 56870 | Zot:5    | Gained mutation: You are partially covered in iridescent
                  | scales. (AC +2) [an orb of fire]
 56873 | Zot:5    | Noticed an orb of fire
 56888 | Zot:5    | Gained mutation: You occasionally lose the ability to read
                  | scrolls when taking damage. [an orb of fire]
 56889 | Zot:5    | Killed an orb of fire
 56893 | Zot:5    | Killed an orb of fire
 56970 | Zot:5    | Lost mutation: You expend magic power (3 MP) to strengthen
                  | your wands. [potion of mutation]
 56970 | Zot:5    | Lost mutation: You have sharp toenails. [potion of
                  | mutation]
 56970 | Zot:5    | Lost mutation: You have supernaturally acute eyesight.
                  | (SInv) [potion of mutation]
 56970 | Zot:5    | Gained mutation: You are covered in fur. (AC +1) [potion of
                  | mutation]
 56970 | Zot:5    | Gained mutation: Your health recovers twice as slowly from
                  | being drained. [potion of mutation]
 56970 | Zot:5    | Gained mutation: You passively map a small area around you.
                  | [potion of mutation]
 56971 | Zot:5    | Lost mutation: You passively map a small area around you.
                  | [potion of mutation]
 56971 | Zot:5    | Lost mutation: You are covered in fur. (AC +1) [potion of
                  | mutation]
 56971 | Zot:5    | Gained mutation: You have a pair of large horns on your
                  | head. [potion of mutation]
 56971 | Zot:5    | Gained mutation: Your movements are slightly less
                  | encumbered by armour. (ER -2) [potion of mutation]
 56972 | Zot:5    | Lost mutation: You have a pair of large horns on your head.
                  | [potion of mutation]
 56972 | Zot:5    | Lost mutation: You are partially covered in iridescent
                  | scales. (AC +2) [potion of mutation]
 56972 | Zot:5    | Lost mutation: Your movements are slightly less encumbered
                  | by armour. (ER -2) [potion of mutation]
 56972 | Zot:5    | Gained mutation: You have hidden genetic defects. [potion
                  | of mutation]
 56972 | Zot:5    | Gained mutation: You passively dampen the noise of your
                  | surroundings. [potion of mutation]
 56973 | Zot:5    | Lost mutation: You occasionally lose the ability to read
                  | scrolls when taking damage. [potion of mutation]
 56973 | Zot:5    | Lost mutation: You passively dampen the noise of your
                  | surroundings. [potion of mutation]
 56973 | Zot:5    | Gained mutation: You have very sharp teeth. [potion of
                  | mutation]
 56973 | Zot:5    | Gained mutation: You possess an exceptional clarity of
                  | mind. [potion of mutation]
 56973 | Zot:5    | Gained mutation: You have a pair of large horns on your
                  | head. [potion of mutation]
 56974 | Zot:5    | Lost mutation: You have hidden genetic defects. [potion of
                  | mutation]
 56974 | Zot:5    | Lost mutation: You possess an exceptional clarity of mind.
                  | [potion of mutation]
 56974 | Zot:5    | Gained mutation: You occasionally shout uncontrollably at
                  | your foes. [potion of mutation]
 56974 | Zot:5    | Lost mutation: You have a pair of large horns on your head.
                  | [potion of mutation]
 56974 | Zot:5    | Gained mutation: You are robust. (+10% HP) [potion of
                  | mutation]
 56974 | Zot:5    | Gained mutation: You possess an exceptional clarity of
                  | mind. [potion of mutation]
 56975 | Zot:5    | Lost mutation: Your health recovers twice as slowly from
                  | being drained. [potion of mutation]
 56975 | Zot:5    | Lost mutation: You are robust. (+10% HP) [potion of
                  | mutation]
 56975 | Zot:5    | Lost mutation: You have very sharp teeth. [potion of
                  | mutation]
 56975 | Zot:5    | Gained mutation: You are clumsy. (Dex -2) [potion of
                  | mutation]
 56975 | Zot:5    | Gained mutation: Your natural rate of healing is unusually
                  | fast. [potion of mutation]
 57001 | Zot:5    | Noticed a Killer Klown
 57010 | Zot:5    | Noticed an ancient lich
 57018 | Zot:5    | Killed a Killer Klown
 57024 | Zot:5    | Killed an ancient lich
 57375 | Zot:5    | Got the Orb of Zot
 57550 | Zot:1    | Gained mutation: You are covered in fur. (AC +1) [a
                  | cacodemon]
 57952 | D:$      | Escaped with the Orb!

Illustrated notes

Levels and vault maps discovered:
D:1:      dpeg_arrival_another_circle, layout_basic, minmay_pentomino_p2
D:2:      cheibrodos_pilgrimage, layout_loops_corners, uniq_jessica
D:3:      layout_basic, mainiacjoe_overflow_catwalk,
          nicolae_hepliaklqana_monster_ancestors, ebering_ghost_disaster_area,
          serial_shops, nicolae_shop_tiny_statue_garden, uniq_natasha
D:4:      layout_rooms, ebering_ghost_sewer_f, minivault_24
D:5:      layout_loops_cross, old_standard_altar,
          mainiacjoe_overflow_cross_hatched, gammafunk_temple_overflow_forgotten
D:6:      layout_basic, uniq_pikel, uniq_menkaure, uniq_maggie, uniq_grinder,
          uniq_eustachio
D:7:      minmay_flawed_box, layout_gridville, xom_teletrap_fun,
          old_standard_altar, minmay_temple_entry_hall, serial_shops, shop,
          glass_columns_c, uniq_maurice
D:8:      layout_loops_ring, mainiacjoe_overflow_chevrons,
          makhleb_blood_cavern_becter, serial_shops,
          nicolae_shop_industrial_runoff, nicolae_shop_trees,
          nicolae_shop_just_a_little_nook, shop, shop_fountains, uniq_erica,
          uniq_grum
D:9:      layout_long_grid, nicolae_vehumet_radiance,
          mainiacjoe_overflow_24_doors
D:10:     layout_rooms, mainiacjoe_overflow_paths, dpeg_oklobed_lair,
          erik_orc_1, enter_bailey_3, kennysheep_minor_cross,
          minmay_fractal_squares_gapless_5
D:11:     layout_gridville, minmay_statues_item
D:12:     layout_loops_ring, special_room [special_room_orc],
          nemelex_spade_bored_becter
D:13:     layout_grid_maze, david_vaults_4, uniq_urug
D:14:     layout_roguey, serial_library_hellmonk_big_corner
D:15:     grunt_enter_depths_magical_seal, layout_basic,
          nicolae_zig_zag_zippers, nicolae_the_louvre
Lair:1:   layout_chaotic_city, nicolae_lair_lil_pond, nicolae_lair_liquid_snakes
Lair:2:   layout_gridlike, palyth_hydra_swamp_entry, evilmike_ambush
          [evilmike_ambush_outer_corners, evilmike_ambush_inner_basic]
Lair:3:   dreamdust_labyrinth, layout_cave_pods,
          hellmonk_spider_entry_not_the_bees, grunt_megastairs_3,
          infiniplex_staircase_pool_2
Lair:4:   layout_misc_corridors, lemuel_fruit_tree, grunt_megastairs_4
Lair:5:   hangedman_lair_in_review, layout_concentric_octagons,
          guppyfry_lair_end_dragon, slime_entry_1, gauntlet_entry_generic,
          tgw_fedhas
Swamp:1:  layout_basic_swamp, nicolae_swamp_fairy_circle,
          hangedman_swamp_blocks, nicolae_swamp_decorative_isthmus
Swamp:2:  layout_basic_swamp, evilmike_swamp_ruin_rubble_2, uniq_nikola
Swamp:3:  layout_basic_swamp, lemuel_altar_in_water, infiniplex_staircase_pool
Swamp:4:  swamp, layout_basic_swamp
Spider:1: layout_spider_delve, portal_ice_cave_entry_pillars_four
Spider:2: nicolae_spider_hilbert_zone_1 [nicolae_spider_hilbert_4_sides_1_open,
          nicolae_spider_hilbert_4_sides_1_open,
          nicolae_spider_hilbert_4_sides_1_open,
          nicolae_spider_hilbert_4_sides_1_open,
          nicolae_spider_hilbert_3_sides_1_open,
          nicolae_spider_hilbert_3_sides_1_open,
          nicolae_spider_hilbert_3_sides_1_open,
          nicolae_spider_hilbert_3_sides_1_open,
          nicolae_spider_hilbert_3_sides_1_open,
          nicolae_spider_hilbert_6_sides_1_open,
          nicolae_spider_hilbert_6_sides_1_open,
          nicolae_spider_hilbert_3_sides_1_open,
          nicolae_spider_hilbert_3_sides_1_open,
          nicolae_spider_hilbert_3_sides_1_open,
          nicolae_spider_hilbert_3_sides_1_open,
          nicolae_spider_hilbert_2_sides_1_open], ebering_ghost_disaster_area
Spider:3: layout_chambers, einodemon_crawler_minivault, uniq_bai_suzhen,
          uniq_arachne, uniq_donald
Spider:4: hellmonk_spider_rune_endless_swarm, guppyfry_spider_mini_3
Slime:1:  layout_caves
Orc:1:    layout_diamond_mine, nicolae_volcano_entry_two_sided, basic_altar
Orc:2:    grunt_orc_cross, layout_caves, serial_shops, nicolae_shop_waterfront,
          minmay_orc_treasury
Elf:1:    eino_elf_arrival_customs, layout_loops_corners,
          kennysheep_underground_church, hex_tiny, minmay_elf_necromancy
Elf:2:    nicolae_elf_blades_splatter_lattice
          [nicolae_blade_entry_splitting_headache], layout_rooms,
          serial_library_hellmonk_hallway_b
Elf:3:    grunt_elf_hall_asides, layout_gridlike, serial_co_window_serial,
          co_window_of_opportunity_a, co_window_paths_a, co_window_cross_1,
          co_window_paths_b, co_window_corner_a, co_window_corner_a,
          co_window_paths_a, co_window_cross_2, co_window_corner_cb,
          co_window_corner_b, co_window_2corner, co_window_unsneaky_path_e,
          glass_columns_a, glass_columns_b
Vaults:1: portal_desolation_entry_garden, vaults_mumra_chevron,
          hangedman_vaults_nodes, nicolae_vaults_tetromino_L_2,
          hangedman_vaults_trim, nicolae_vaults_ring_of_whatevers,
          nicolae_vaults_offset_grid_hallway_2, hangedman_vaults_nails,
          nicolae_vaults_offset_grid_hallway_4, nicolae_vaults_tetromino_L_1,
          v_misc_33, nicolae_vaults_little_ls, v_misc_22,
          vaults_dpeg_emergency_exit, nicolae_vaults_security_offices_6,
          layout_vaults_maze_bifur
Vaults:2: nicolae_vaults_little_squares_1, v_misc_2, nicolae_vaults_minivaults,
          nicolae_vaults_tetromino_L_2, nicolae_vaults_storage_closets_1,
          ontoclasm_vaults_pinch, vaults_dpeg_cross,
          nicolae_vaults_tetromino_L_1, nicolae_vaults_big_ls,
          vaults_dpeg_diagonal, vaults_room_pools,
          minmay_crypt_entry_simple_box, layout_vaults_chaotic_city
Vaults:3: v_rooms_4, ontoclasm_vaults_twist, vaults_standard_mumra_lines,
          nicolae_vaults_frosty_reception, nicolae_vaults_disjoint_gnomons,
          nicolae_vaults_offset_grid_hallway_3, nicolae_vaults_theta,
          vaults_mumra_minichess_inversion, nicolae_vaults_circle_grid_b,
          nicolae_vaults_tetromino_T_2, vaults_dpeg_hooks,
          ontoclasm_vaults_hangar, nicolae_vaults_diffraction_hallways,
          nicolae_vaults_heart-shaped_vault, layout_vaults_omnibox
Vaults:4: v_rooms_1, hangedman_vaults_maws, grunt_vaults_diagonal,
          nicolae_vaults_sightless_eye, v_rooms_3, vaults_dpeg_encased_lava,
          vaults_room_door_hall, nicolae_vaults_little_squares_2,
          layout_vaults_omnigrid, serial_shops, shop
Vaults:5
Crypt:1:  layout_chaotic_city, grunt_crypt_arrival_webbed
Crypt:2:  layout_chaotic_city
Depths:1: layout_honeycomb, hell_entry, hangedman_abyss_entry_splay,
          hangedman_decor_points, eat_drink_and_be_merry_uskayaw, uniq_sojobo
Depths:2: kennysheep_water_balloons, layout_basic, pan_entry,
          grunt_hell_entry_dis_mu, gammafunk_ghost_split, abyss_entry_crystal,
          kennysheep_doodads, infiniplex_staircase_pool_lava, uniq_saint_roka,
          uniq_enchantress
Depths:3: minmay_coctagon, layout_gridville, enter_ziggurat_c,
          pf_hell_entry_great_geh, abyss_entry_glasseish, lemuel_freeze_loot_1,
          uniq_norris
Depths:4: grunt_zot_entry_pinwheel, layout_basic,
          nicolae_abyss_entry_one_way_or_another, ashenzari_conservatory_becter,
          pf_hell_entry_tar_river
Hell
Zot:1:    layout_onion
Zot:2:    layout_misc_corridors, hangedman_zot_gyre, hangedman_player_shredder,
          lemuel_elevator
Zot:3:    layout_gridlike, uniq_josephina
Zot:4:    gammafunk_sealed_arena, layout_concentric_octagons
Zot:5:    layout_cellular_growth, gammafunk_ghost_wrathful_warriors,
          grunt_megastairs_5

Skill      XL: |  1  2  3  4  5  6  7  8  9 10 11 12 13 14 15 16 17 18 19 20 21 22 23 24 25 |
---------------+----------------------------------------------------------------------------+-----
Axes           | 1 2 3 4 5 7 8 10 12 14 16 18 19 21 22 23 | 23.8
Fighting       | 4 5 6 7 8 9 11 12 13 14 16 17 18 19 20 21 22 23 24 26 | 26.8
Armour         | 3 4 5 6 8 9 10 12 13 14 15 16 18 19 20 21 22 23 24 25 | 25.8
Dodging        | 3 4 5 6 7 8 10 11 12 13 14 15 16 17 18 19 20 21 22 23 | 23.2
Throwing       | 3 6 8 10 12 13 14 15 16 | 16.0
Evocations     | 2 5 7 9 10 12 13 14 16 | 16.0
Maces & Flails | |  3.6

Action                     |  1- 3 |  4- 6 |  7- 9 | 10-12 | 13-15 | 16-18 | 19-21 | 22-24 | 25-27 || total
---------------------------+-------+-------+-------+-------+-------+-------+-------+-------+-------++-------
  Melee: Mace              |    37 |       |       |       |       |       |       |       |       ||    37
         War axe           |    28 |    93 |   142 |   180 |       |       |       |       |       ||   443
         Headbutt          |     3 |    11 |    35 |   110 |   188 |   311 |   290 |   399 |   133 ||  1480
         Unarmed           |       |       |    10 |       |       |       |       |       |       ||    10
         Executioner's axe |       |       |       |   262 |   688 |  1175 |  1138 |  1439 |   482 ||  5184
         Morningstar       |       |       |       |     5 |    42 |    18 |       |       |       ||    65
         Battleaxe         |       |       |       |       |       |   111 |       |       |       ||   111
  Throw: Javelin           |       |       |       |       |       |    14 |       |     3 |       ||    17
 Invoke: Trog's Hand       |       |       |     3 |     3 |     6 |    18 |    27 |    42 |    11 ||   110
         Brothers in Arms  |       |       |       |     1 |       |     5 |     5 |     2 |     3 ||    16
         Berserk           |       |       |       |       |       |     1 |     1 |       |       ||     2
  Evoke: Wand              |       |       |       |     3 |     2 |    22 |       |     8 |     1 ||    36
    Use: Scroll            |     5 |     5 |     4 |    14 |     8 |     9 |    10 |    23 |     6 ||    84
         Potion            |       |       |       |     2 |     1 |       |       |     9 |    10 ||    22
   Stab: Sleeping          |     1 |       |       |       |       |       |       |       |       ||     1
         Distracted        |       |       |     1 |       |     1 |     1 |     2 |       |       ||     5
         Confused          |       |       |     1 |       |       |       |       |       |       ||     1
         Invisible         |       |       |       |     5 |     1 |     2 |       |       |     1 ||     9
         Petrified         |       |       |       |       |    15 |       |       |       |       ||    15
         Petrifying        |       |       |       |       |     1 |       |       |       |       ||     1
         Paralysed         |       |       |       |       |       |    10 |       |     1 |       ||    11
 Armour: Animal skin       |    16 |       |       |       |       |       |       |       |       ||    16
         Ring mail         |    36 |    34 |       |       |       |       |       |       |       ||    70
         Skin              |       |     3 |       |       |       |       |       |       |       ||     3
         Chain mail        |       |    51 |   125 |   325 |   382 |       |       |       |       ||   883
         Plate armour      |       |       |       |    54 |   243 |  1311 |  1099 |  1723 |   548 ||  4978
  Dodge: Dodged            |    21 |    67 |    96 |   290 |   533 |   812 |   633 |   903 |   248 ||  3603
  Block: Other             |       |       |       |   106 |   155 |   265 |   205 |   238 |    82 ||  1051
         Reflection        |       |       |       |    11 |     3 |     3 |    20 |    13 |       ||    50

Table legend: (Time is in decaauts)
 A = Elapsed time spent in this place.
 B = Non-inter-level travel time spent in this place.
 C = Inter-level travel time spent in this place.
 D = Time resting spent in this place.
 E = Time spent auto-exploring this place.
 F = Levels seen in this place.
 G = Mean time per level.
                   A        B        C        D        E       F      G
               +--------+--------+--------+--------+--------+-----+--------+
         Total |  57385 |  50254 |   7131 |   8153 |   9299 |  57 | 1006.8 |
       Dungeon |  14753 |  11523 |   3230 |   1232 |   1723 |  15 |  983.5 |
          Lair |   6874 |   5768 |   1106 |    597 |   2316 |   5 | 1374.8 |
         Swamp |   2371 |   2104 |    267 |    298 |    435 |   4 |  592.8 |
   Spider Nest |   4282 |   4006 |    276 |    499 |    659 |   4 | 1070.5 |
    Slime Pits |      3 |      3 |      0 |      0 |      0 |   1 |    3.0 |
  Orcish Mines |   2152 |   1894 |    258 |    117 |    806 |   2 | 1076.0 |
   Elven Halls |   3350 |   2922 |    428 |    335 |    474 |   3 | 1116.7 |
        Vaults |   7830 |   7081 |    749 |   1187 |   1036 |   5 | 1566.0 |
         Crypt |    312 |    312 |      0 |    100 |      0 |   2 |  156.0 |
        Depths |   5660 |   5116 |    544 |   1179 |   1043 |   4 | 1415.0 |
          Hell |     54 |     54 |      0 |      0 |      0 |   1 |   54.0 |
           Zot |   7269 |   7000 |    269 |   2435 |    289 |   5 | 1453.8 |
         Abyss |     66 |     66 |      0 |      0 |      0 |   1 |   66.0 |
        Bailey |    146 |    146 |      0 |      2 |      0 |   1 |  146.0 |
      Ice Cave |    419 |    419 |      0 |     89 |      0 |   1 |  419.0 |
       Volcano |    288 |    288 |      0 |      0 |      0 |   1 |  288.0 |
    Desolation |    837 |    837 |      0 |     49 |    207 |   1 |  837.0 |
      Gauntlet |    710 |    710 |      0 |     32 |    311 |   1 |  710.0 |
               +--------+--------+--------+--------+--------+-----+--------+

Top non-repeatable levels by time:
   Zot:4: 2236 daAuts
Vaults:2: 1769 daAuts
Vaults:4: 1762 daAuts
Depths:2: 1745 daAuts
Vaults:1: 1727 daAuts
  Lair:2: 1726 daAuts
Depths:4: 1687 daAuts
    D:10: 1629 daAuts
  Lair:5: 1565 daAuts
Vaults:3: 1470 daAuts
  Lair:3: 1467 daAuts
   Zot:2: 1461 daAuts
   Zot:5: 1453 daAuts
   Elf:1: 1419 daAuts
   Orc:2: 1413 daAuts
